 Dungeon Sprint DCSS version 0.21.1-1-g345015f (webtiles) character file.

292 raistware the Cleaver (level 6, -10/56 HPs)
             Began as a Demonspawn Berserker on Mar 24, 2018.
             Was a Believer of Trog.
             Asphyxiated
             ... in the Dungeon (Sprint I: "Red Sonja").
             The game lasted 00:03:40 (189 turns).

raistware the Cleaver (Demonspawn Berserker)         Turns: 189, Time: 00:03:41

Health: -10/56     AC: 14    Str: 19    XL:     6   Next: 10%
Magic:  6/6        EV: 11    Int:  9    God:    Trog [**....]
Gold:   308        SH:  0    Dex: 12    Spells: 5/5 levels left

rFire    . . .     SeeInvis .   a - +0 hand axe
rCold    . . .     Gourm    .   (no shield)
rNeg     . . .     Faith    .   h - +0 ring mail {MR+}
rPois    .         Spirit   .   (helmet restricted)
rElec    .         Reflect  .   (no cloak)
rCorr    .         Harm     .   (no gloves)
MR       +++..     NoTele   +   (no boots)
Stlth    +.........             (no amulet)
HPRegen  1.18/turn              (no ring)
MPRegen  0.10/turn              (no ring)

@: lethally poisoned (-10 -> -26), sanguine armour, very slightly contaminated,
regenerating, hasted and slowed
A: antennae 1, powered by death 1, sanguine armour 2
a: Berserk, Trog's Hand, Burn Spellbooks, Renounce Religion


You were in the Dungeon.
You worshipped Trog.
Trog was pleased with you.
You were very hungry.

You visited 1 branch You collected 308 gold pieces.

Inventory:

Hand Weapons
 a - a +0 hand axe (weapon)
Armour
 b - a +0 robe of the Archmagi
 h - a +0 ring mail of magic resistance (worn)
Potions
 g - 2 potions of magic
Comestibles
 c - a ration
 j - 6 chunks of flesh


   Skills:
 + Level 7.7 Fighting
 * Level 10.1 Axes
 - Level 1.7 Armour
 - Level 1.7 Dodging


You had 5 spell levels left.
You didn't know any spells.

Dungeon Overview and Level Annotations

Branches:
Dungeon (1/1)

Altars:
Sif Muna
Vehumet
Wu Jian

Annotations:
D Sonja


Innate Abilities, Weirdness & Mutations

You have a pair of small antennae on your head.
You regenerate a little health from kills.
When seriously injured, your bleeding wounds create thick armour. (AC +9)


Message History

* * * LOW HITPOINT WARNING * * *
You feel very sick.
Okay, then.
Blink to where?
Press: ? - help, Dir - move target cursor You are very lightly contaminated with residual magic.
As you read the scroll of blinking, it crumbles to dust.
You recover from your berserk rage.
You are no longer corroded.
* * * LOW HITPOINT WARNING * * *
You feel very sick.
Sonja opens the door.
Found 27 gold pieces.
* * * LOW HITPOINT WARNING * * *
You feel sick.
Sonja unwields an uncursed short sword of venom.
It stops dripping with poison.
Sonja wields an uncursed blowgun.
Sonja shoots a curare-tipped needle.
The curare-tipped needle hits you.
You are more poisoned.
You have difficulty breathing.
You die...

################
#<.#..'..#.)'..#
#..'÷)#..'..#..+
#..#####'#####@#
#..# #..#...#:#
#..# ####..##.#
#..# ##'#_.+
#⌠⌠# {+..._#
#### #§.#+# ##'#
#K# $.$


You could see Sonja.

Vanquished Creatures
  Sigmund (D)
  An ogre (D)
  A jelly (D)
  Ijyb (D)
4 creatures vanquished.

Notes
Turn   | Place    | Note
-------+----------+-------------------------------------------
     0 | D        | raistware the Demonspawn Berserker began the quest for the Orb.
     0 | D        | Reached XP level 1. HP: 18/18 MP: 1/1
     2 | D        | Noticed Ijyb
     8 | D        | Killed Ijyb
     8 | D        | Reached skill level 5 in Axes
     8 | D        | Gained mutation: You regenerate a little health from kills. [demonic ancestry]
     8 | D        | Reached XP level 2. HP: 26/26 MP: 2/2
    50 | D        | Noticed an ogre
    55 | D        | Killed an ogre
    55 | D        | Reached skill level 5 in Fighting
    55 | D        | Reached skill level 7 in Axes
    55 | D        | Gained mutation: When seriously injured, your bleeding wounds create armour. (AC +9) [demonic ancestry]
    55 | D        | Reached XP level 3. HP: 34/34 MP: 3/3
    55 | D        | Gained mutation: When seriously injured, your bleeding wounds create thick armour. (AC +9) [demonic ancestry]
    55 | D        | Reached XP level 4. HP: 40/40 MP: 4/4
    96 | D        | Noticed Sigmund
   101 | D        | Killed Sigmund
   101 | D        | Reached ** piety under Trog
   101 | D        | Reached skill level 9 in Axes
   101 | D        | Gained mutation: You have a pair of small antennae on your head. [demonic ancestry]
   101 | D        | Reached XP level 5. HP: 48/48 MP: 5/5
   145 | D        | Found a deep blue altar of Sif Muna.
   146 | D        | Found an ornate altar of the Wu Jian Council.
   147 | D        | Found a radiant altar of Vehumet.
   156 | D        | Reached skill level 10 in Axes
   156 | D        | Reached XP level 6. HP: 37/56 MP: 6/6
   176 | D        | Noticed Sonja
   188 | D        | HP: 2/56 [poisoned by Sonja]
   189 | D        | Asphyxiated

Skill      XL: |  1  2  3  4  5 |
---------------+----------------+-----
Fighting       | 4 5 7 |  7.7
Axes           | 5 7 9 10 | 10.1
Armour         | |  1.7
Dodging        | |  1.7

Action                   |  1- 3 |  4- 6 || total
-------------------------+-------+-------++-------
Melee: Hand axe          |     7 |    15 ||    22
Invok: Berserk           |     1 |     2 ||     3
       Trog's Hand       |       |     1 ||     1
  Use: Potion            |     1 |     3 ||     4
       Scroll            |       |     1 ||     1
Armor: Ring mail         |       |     1 ||     1
Dodge: Dodged            |     4 |     9 ||    13
